 Dungeon Sprint DCSS version 0.19.0-11-g3fc08b3 (webtiles) character file.

70 equalderp2856 the Gouger (level 4, -30/23 HPs)
             Began as a Felid Fighter on Nov 8, 2016.
             Annihilated by an orc knight
             ... wielding a +0 broad axe
              (31 damage)
             ... in the Dungeon (Sprint IX: "|||||||||||||||||||||||||||||").
             The game lasted 00:01:25 (377 turns).

equalderp2856 the Gouger (Felid Fighter)             Turns: 377, Time: 00:01:25

Health: -30/23     AC:  1    Str: 13    XL:     4   Next: 3%
Magic:  5/5        EV: 22    Int:  9    God:
Gold:   0          SH:  0    Dex: 15    Spells: 0 memorised, 3 levels left
                                        Lives:  0   Deaths: 1

rFire  . . .     SeeInvis +       - Unarmed
rCold  . . .     Gourm    .     (armour unavailable)
rNeg   . . .     Faith    .     (shield unavailable)
rPois  .         Spirit   .     (helmet unavailable)
rElec  .         Reflect  .     (cloak unavailable)
rCorr  .         Harm     .     (gloves unavailable)
MR     .....     NoTele   +     (boots unavailable)
Stlth  ++........               (no amulet)
                                (no ring)
                                (no ring)

@: quick
A: no armour, no weapons or thrown items, stealth, claws 1, fangs 3, see
invisible, carnivore 3, speed 1, shaggy fur 1, slow metabolism 1, sharp paws
a: no special abilities


You were in the Dungeon.
You were not hungry.

You visited 1 branch

Inventory:

Jewellery
 m - a +3 ring of strength
 n - a +3 ring of dexterity
Wands
 l - a wand of iceblast (7/15)
Scrolls
 h - 2 scrolls of blinking
 j - 3 scrolls of remove curse
 k - 2 scrolls of amnesia
Potions
 a - a potion of might
 c - 5 potions of curing
 d - 2 potions of heal wounds
 e - a potion of haste
 f - 4 potions of magic
 g - a potion of berserk rage
 i - a potion of invisibility
Comestibles
 b - a meat ration


   Skills:
 + Level 5.0 Fighting
 + Level 6.8 Dodging
 + Level 0.8 Stealth
 + Level 8.3 Unarmed Combat


You had 3 spell levels left.
You didn't know any spells.

Dungeon Overview and Level Annotations

Branches:
Dungeon (1/1)

Altars:
Cheibriados
Dithmenos
Elyvilon
Fedhas
Gozag
Hepliaklqana
Kikubaaqudgha
Makhleb
Nemelex Xobeh
Okawaru
Qazlal
Ru
Sif Muna
Trog
Uskayaw
Vehumet
Xom
Yredelemnul
Zin
The Shining One
Beogh
Jiyva
Lugonu


Innate Abilities, Weirdness & Mutations

You cannot wear armour.
You are incapable of wielding weapons or throwing items.
Your paws allow you to move quietly. (Stealth)
You have sharp claws.
You have razor-sharp teeth.
You have supernaturally acute eyesight. (SInv)
You are carnivorous and can eat meat at any time.
You cover ground quickly.
You are covered in fur. (AC +1)
You have a slow metabolism.
Your sharp claws are effective at attacking unaware monsters.


Message History

The orc wizard blinks!
The orc priest looks braver for a moment.
You barely miss the orc knight.
You bite the orc knight, but do no damage.
The orc knight is lightly wounded.
The orc knight hits you with a broad axe!
Ouch! That really hurt!
* * * LOW HITPOINT WARNING * * *
The orc wizard casts a spell.
The orc wizard blinks!
The orc wizard mumbles some strange words.
The orc wizard blinks!
Unknown command.
Unknown command.
You scratch the orc knight but do no damage.
The orc knight is lightly wounded.
The orc knight sings a few bars from the Orcish anthem.
The orc knight hits you with a broad axe!!
Ouch! That really hurt!
You die...

▓_▓
▓.▓
▓_▓
▓.▓o▓
▓_▓
▓.▓o▓
▓_▓
▓.▓o▓
▓_▓
▓.▓o▓
▓_▓
▓.▓$▓
▓_▓
▓.▓o▓
▓'▓
▓.▓o▓
▓.▓
▓.▓@▓
▓.▓
▓.▓)▓
▓.▓
▓.▓o▓
▓.▓
▓.▓.▓
▓)▓
▓.▓.▓
▓'▓
▓.▓.▓
▓.▓
▓.▓.▓
▓.▓
▓.▓.▓
▓.▓
▓.▓.▓


You could see an orc knight, an orc priest, 2 orc wizards and 3 orcs.

Vanquished Creatures
  A crimson imp (D)
  An orc priest (D)
  A hound (D)
  A shadow imp (D)
  3 orcs (D)
  2 bats (D)
  A goblin (D)
  A jackal (D)
  A kobold (D)
  A frilled lizard (D)
  A jackal zombie (D)
14 creatures vanquished.

Notes
Turn   | Place    | Note
-------+----------+-------------------------------------------
     0 | D        | equalderp2856 the Felid Fighter began the quest for the Orb.
     0 | D        | Reached XP level 1. HP: 10/10 MP: 2/2
    26 | D        | Noticed a crimson imp
    36 | D        | Killed a crimson imp
    36 | D        | Reached skill level 5 in Dodging
    36 | D        | Reached skill level 6 in Unarmed Combat
    36 | D        | Reached XP level 2. HP: 10/15 MP: 3/3
    36 | D        | Reached XP level 3. HP: 12/18 MP: 4/4
   232 | D        | Found a roughly hewn altar of Beogh.
   232 | D        | Found a snail-covered altar of Cheibriados.
   232 | D        | Found a shadowy altar of Dithmenos.
   232 | D        | Found a white marble altar of Elyvilon.
   232 | D        | Found a blossoming altar of Fedhas.
   232 | D        | Found an opulent altar of Gozag.
   233 | D        | Found a hazy altar of Hepliaklqana.
   234 | D        | Found a viscous altar of Jiyva.
   235 | D        | Found an ancient bone altar of Kikubaaqudgha.
   236 | D        | Found a corrupted altar of Lugonu.
   237 | D        | Found a burning altar of Makhleb.
   238 | D        | Found a sparkling altar of Nemelex Xobeh.
   239 | D        | Found an iron altar of Okawaru.
   240 | D        | Found a stormy altar of Qazlal.
   241 | D        | Found a sacrificial altar of Ru.
   242 | D        | Found a deep blue altar of Sif Muna.
   243 | D        | Found a bloodstained altar of Trog.
   244 | D        | Found a hide-covered altar of Uskayaw.
   245 | D        | Found a radiant altar of Vehumet.
   246 | D        | Found a shimmering altar of Xom.
   247 | D        | Found a basalt altar of Yredelemnul.
   248 | D        | Found a glowing silver altar of Zin.
   249 | D        | Found a glowing golden altar of the Shining One.
   274 | D        | Noticed an orc warrior
   274 | D        | Noticed a yak
   274 | D        | Noticed a hill giant
   274 | D        | Noticed a gargoyle
   274 | D        | Noticed a gargoyle
   292 | D        | Reached skill level 7 in Unarmed Combat
   292 | D        | Reached XP level 4. HP: 2/22 MP: 5/5
   305 | D        | Mangled by a gargoyle
   306 | D        | Reached XP level 3. HP: -10/18 MP: 4/4
   366 | D        | Noticed an orc knight
   371 | D        | Reached skill level 5 in Fighting
   371 | D        | Reached skill level 8 in Unarmed Combat
   371 | D        | Reached XP level 4. HP: 23/23 MP: 5/5
   376 | D        | HP: 1/23 [orc knight/broad axe (13)]
   377 | D        | Annihilated by an orc knight

Skill      XL: |  1  2  3 |
---------------+----------+-----
Fighting       | 4 5 |  5.0
Dodging        | 5 6 |  6.8
Unarmed Combat | 6 8 |  8.3
Stealth        | |  0.8

Action                   |  1- 3 |  4- 6 || total
-------------------------+-------+-------++-------
Melee: Unarmed           |    49 |    13 ||    62
       Bite              |     2 |     1 ||     3
       Punch             |     3 |       ||     3
  Use: Potion            |       |     1 ||     1
Dodge: Dodged            |    40 |     6 ||    46
